 Dungeon Crawl Stone Soup version 0.25-a0-632-g7713895373 (webtiles) character file.

Game seed: 7108341148639212334, levelgen mode: deterministic

18 An17 the Insei (level 2, 0/23 HPs)
             Began as a Demonspawn Wanderer on Mar 19, 2020.
             Slain by an ooze (3 damage)
             ... on level 2 of the Dungeon.
             The game lasted 00:02:32 (935 turns).

An17 the Insei (Demonspawn Wanderer)                 Turns: 935, Time: 00:02:33

Health: 0/23       AC:  7    Str: 11    XL:     2   Next: 51%
Magic:  0/2        EV: 10    Int: 13    God:
Gold:   26         SH:  0    Dex: 13    Spells: 1/1 levels left

rFire    . . .     SeeInvis .   h - +0 mace
rCold    . . .     Gourm    .   (no shield)
rNeg     . . .     Faith    .   d - +0 ring mail
rPois    .         Spirit   +   (no helmet)
rElec    .         Reflect  .   (no cloak)
rCorr    .         Harm     .   (no gloves)
MR       .....                  (no boots)
Stlth    +.........             g - amulet of guardian spirit
HPRegen  0.07/turn              j - ring of flight
MPRegen  0.08/turn              (no ring)

@: no status effects
A: iridescent scales 1
a: Evoke Flight


You were on level 2 of the Dungeon.
You were not hungry.

You visited 1 branch of the dungeon, and saw 2 of its levels.

You collected 26 gold pieces.

Inventory:

Hand Weapons
 h - a +0 mace (weapon)
Armour
 d - a +0 ring mail (worn)
 k - a +0 plate armour
Jewellery
 g - an amulet of guardian spirit (around neck)
 j - a ring of flight (left hand)
Scrolls
 b - 2 scrolls of blinking
Potions
 a - a potion of lignification
 c - 2 potions of curing
 e - a potion of berserk rage
 i - a potion of cancellation
 l - a potion of flight
Comestibles
 f - 3 rations


   Skills:
 + Level 2.5 Fighting
   Level 1.0(1.1) Axes
 + Level 0.7(1.0) Maces & Flails
 + Level 1.3 Armour
 + Level 1.1 Dodging
 - Level 1.0 Stealth
 - Level 2.6 Unarmed Combat
 + Level 1.2 Evocations


You had one spell level left.
You didn't know any spells.
Your spell library was empty.

Dungeon Overview and Level Annotations

Branches:
Dungeon (2/15)

Altars:

Annotations:
D:2 Natasha


Innate Abilities, Weirdness & Mutations

You are partially covered in iridescent scales. (AC +2)


Message History

The leopard gecko barely misses you.
The ooze quivers.
The crimson imp blinks!
The ooze barely misses you.
As you read the scroll of identify, it crumbles to dust.
l - a potion of flight The leopard gecko bites you.
* * * LOW HITPOINT WARNING * * *
The shadow imp disappears for a moment.
The crimson imp blinks!
The leopard gecko closely misses you. The ooze hits you but does no damage.
You sock the ooze!
The ooze is severely wounded.
The leopard gecko barely misses you. The ooze barely misses you.
The crimson imp laughs crazily.
You hit the ooze.
The ooze is severely wounded.
The leopard gecko bites you but does no damage.
The ooze hits you.
You die...

...........#.#.....#
...........#.##%..#
#.........h.$5#
#.#<#####.###.# #.#
#.# #5# #.# #.# #h#
#.# #.# #5# # #.#
#.# #l# ##>#†### #.#
#@# #......# #.# #J#
#........# #.#
#........... #.#
##.......#### #.#
#.......# ..#
#.#.#.### ..#
#.###.. ..# . ###


You could see Natasha, 2 crimson imps, an ooze, a shadow imp and a leopard
gecko.

Vanquished Creatures
  An adder (D:2)
  2 bats (D:1)
  2 giant cockroaches (D:1)
  A hobgoblin (D:1)
  2 frilled lizards (D:1)
  A kobold (D:1)
  A rat (D:1)
10 creatures vanquished.

Notes
Turn   | Place    | Note
-------+----------+-------------------------------------------
     0 | D:1      | An17 the Demonspawn Wanderer began the quest for the Orb.
     0 | D:1      | An17 set off with the following items: a +0 dagger, a
                  | scroll of blinking, a potion of curing, a +0 ring mail, a
                  | potion of berserk rage, a ration
     0 | D:1      | Reached XP level 1. HP: 16/16 MP: 1/1
   658 | D:1      | Gained mutation: You are partially covered in iridescent
                  | scales. (AC +2) [demonic ancestry]
   658 | D:1      | Reached XP level 2. HP: 18/23 MP: 2/2
   915 | D:2      | Noticed Natasha
   925 | D:2      | Noticed a crimson imp
   930 | D:2      | Noticed a crimson imp
   935 | D:2      | Slain by an ooze

Levels and vault maps discovered:
D:1:      ebering_trefoil_twist, layout_basic
D:2:      layout_loops_ring, uniq_natasha

Action                   || total
-------------------------++-------
Melee: Mace              ||    63
       Dagger            ||     4
  Use: Scroll            ||     5
Armor: Ring mail         ||    43
Dodge: Dodged            ||    49

Table legend:
 A = Non-vault XP
 B = Vault XP
 C = Vault XP percentage of total XP
 D = Non-vault monster count
 E = Vault monster count
 F = Vault count percentage of total count
                 A         B        C        D         E       F
            +---------+---------+-------+---------+---------+-------
      Total |      27 |       0 |   0.0 |      10 |       0 |   0.0
            +---------+---------+-------+---------+---------+-------
        D:1 |      14 |       0 |   0.0 |       9 |       0 |   0.0
        D:2 |      13 |       0 |   0.0 |       1 |       0 |   0.0
            +---------+---------+-------+---------+---------+-------
